 Dungeon Crawl Stone Soup version 0.27-a0-1136-g0b992a5a9d (webtiles) character file.

Game seed: 9485570773791364592

1403 Anon1729 the Skirmisher (level 9, -3/63 HPs)
             Began as a Formicid Berserker on May 4, 2021.
             Was a Believer of Hepliaklqana.
             Succumbed to a killer bee's poison
             ... on level 9 of the Dungeon.
             The game lasted 00:11:20 (5142 turns).

Anon1729 the Skirmisher (Formicid Berserker)        Turns: 5142, Time: 00:11:21

Health: -3/63      AC:  3    Str: 25    XL:     9   Next: 1%
Magic:  9/9        EV: 14    Int:  7    God:    Hepliaklqana [**....]
Gold:   179        SH:  0    Dex: 16    Spells: 8/8 levels left

rFire    . . .     SeeInvis +   a - +0 falchion
rCold    . . .     Faith    .   (no shield)
rNeg     . . .     Spirit   .   b - +0 animal skin
rPois    .         Reflect  .   (helmet unavailable)
rElec    .         Harm     .   (no cloak)
rCorr    +         Rampage  .   e - +0 pair of gloves
Will     .....                  (no boots)
Stlth    +.........             (no amulet)
HPRegen  0.20/turn              g - +6 ring of dexterity
MPRegen  0.11/turn              r - ring of resist corrosion

@: lethally poisoned (-3 -> -20), attractive
A: reduced essence, permanent stasis, dig shafts and tunnels, antennae 3, four
strong arms
a: Dig, Shaft Self, Renounce Religion, Recall Ancestor, Ancestor Identity


You were on level 9 of the Dungeon.
You worshipped Hepliaklqana.
Hepliaklqana was pleased with you.
You visited 1 branch of the dungeon, and saw 7 of its levels.

You collected 190 gold pieces.
You spent 11 gold pieces at shops.

Inventory:

Hand Weapons
 a - a +0 falchion (weapon)
 h - the +3 war axe of Xackif {vorpal, rPois rC- Str+4 Dex+3}
   (You found it on level 6 of the Dungeon)

   It inflicts extra damage upon your enemies.
   It affects your strength (+4).
   It affects your dexterity (+3).
   It makes you vulnerable to cold.
   It protects you from poison.
Armour
 b - a +0 animal skin (worn)
 e - a +0 pair of gloves (worn)
Jewellery
 g - a +6 ring of dexterity (left hand)
 r - a ring of resist corrosion (right hand)
Wands
 j - a wand of charming (3)
 m - a wand of mindburst (6)
 t - a wand of iceblast (5)
Scrolls
 c - a scroll of acquirement
 d - a scroll of amnesia {unknown}
 k - a scroll of identify
 l - a scroll of enchant armour {unknown}
 n - a scroll of magic mapping {unknown}
 o - a scroll of blinking {unknown}
 p - a scroll of immolation
 q - a scroll of fear {unknown}
Potions
 f - 2 potions of berserk rage
 i - 4 potions of degeneration
 s - a potion of attraction


   Skills:
 + Level 6.5 Fighting
 + Level 6.0 Long Blades
 + Level 6.0 Armour
 + Level 5.0 Dodging


You had 8 spell levels left.
You didn't know any spells.
Your spell library was empty.

Dungeon Overview and Level Annotations

Branches:
Dungeon (6/15)               Lair (0/6) D:9
 Temple: D:4-7

Altars:
Gozag
Hepliaklqana
Vehumet

Shops:
D:6 !   D:9 *

Annotations:
D:9 3 runed translucent doors, kae's ghost, novice HOFi


Innate Abilities, Weirdness & Mutations

Your life essence is reduced to manifest your ancestor. (-10% HP)
You cannot be hasted, slowed, berserked, paralysed or teleported.
You can dig through walls and to a lower floor.
You have a pair of large antennae on your head. (SInv)
Your four strong arms can wield two-handed weapons with a shield.


Message History

The killer bee is heavily wounded.
You feel sick. The killer bee stings you.
You are more poisoned.
The killer bee poisons you! The killer bee stings you.
You are more poisoned.
The killer bee poisons you!
Oma hits the killer bee with a +0 dagger of draining.
You are too injured to fight recklessly!
You feel extremely sick.
The killer bee stings Oma!
Oma casts a spell at the killer bee.
The killer bee resists with significant effort.
It was a potion of attraction.
You feel attractive to monsters.
* * * LOW HITPOINT WARNING * * *
You feel extremely sick.
The killer bee stings Oma.
Oma casts a spell at the killer bee.
The killer bee seems to slow down.
Okay, then.
Okay, then.
Okay, then.
As you read the scroll labelled OCVEIZ WAEKK, it crumbles to dust.
The creatures around you are filled with an inner flame!
It was a scroll of immolation.
* * * LOW HITPOINT WARNING * * *
You feel very sick.
The killer bee stings Oma.
Flame seeps out of Oma.
The killer bee stings Oma.
Flame seeps out of Oma.
Oma barely misses the killer bee.
Okay, then.
* * * LOW HITPOINT WARNING * * *
You feel very sick.
The killer bee closely misses Oma.
Oma hits the killer bee with a +0 dagger of draining.
Flame seeps out of the killer bee.
The killer bee is pulled toward you!
Okay, then.
As you read the scroll labelled USIELO VYGITEI, it crumbles to dust.
It is a scroll of identify.
c - a scroll of acquirement You die...

#.# #.....##....### #
#.##########..#....#..## ##
#........# #......###[.####.
##...##.## #....### ##...#..
##....## #...## ###...#
####..## #..## #....# ##
#.....## ##..# ##..#.. ##.
##...#.####..## ##..###. ...
#####..○Ry@.## ##..## #. ...
##...##.....## ##..## #.
...#####.†..#.......####..##
#.
..........................#
#.
...............###........#
#. ##...†.......###
###.......... ..
#..........## #.............
##...###...# #.......####
#..###.....# #......##


You could see the friendly Oma the hexer (inner flame) and a killer bee (inner
flame, slow, ally target).

Vanquished Creatures
  2 water moccasins (D:6)
  A centaur (D:6)
  An ogre (D:6)
  A phantom (D:6)
  A water moccasin zombie (D:6)
  A killer bee (D:9)
  2 bullfrog zombies (D:6)
  A howler monkey zombie (D:9)
  A hexer (D:6)
  3 adders
  2 bats
  2 giant cockroaches
  2 hobgoblins
  4 jackals (D:2)
  2 quokkas (D:1)
  A ball python (D:1)
  2 goblins
  8 kobolds
  A rat (D:1)
38 creatures vanquished.

Vanquished Creatures (collateral kills)
  3 yaks (D:9)
  A hornet zombie (D:9)
  An ice beast (D:6)
  A kobold brigand (D:9)
  4 killer bees (D:9)
  A killer bee zombie (D:6)
  An adder (D:3)
  A dart slug (D:1)
  A frilled lizard (D:1)
  6 kobolds (D:9)
20 creatures vanquished.

Vanquished Creatures (others)
  An iguana (D:6)
  A worm (D:4)
  4 hexers
  3 ancestors
9 creatures vanquished.

Grand Total: 67 creatures vanquished

Notes
Turn   | Place    | Note
-------+----------+-------------------------------------------
     0 | D:1      | Anon1729 the Formicid Berserker began the quest for the
                  | Orb.
     0 | D:1      | Reached XP level 1. HP: 18/18 MP: 1/1
     0 | D:1      | Fell from the grace of Trog
    21 | D:1      | Found a faded altar of an unknown god.
   115 | D:1      | Became a worshipper of Hepliaklqana the Forgotten
   115 | D:1      | Reached * piety under Hepliaklqana
   265 | D:1      | Reached XP level 2. HP: 21/21 MP: 2/2
   832 | D:1      | You fall into a shaft and drop 1 floor!
   839 | D:2      | Reached XP level 3. HP: 17/26 MP: 3/3
  1396 | D:2      | Noticed a polar bear
  1396 | D:2      | Noticed a black bear
  1396 | D:2      | Noticed a black bear
  1396 | D:2      | Noticed a polar bear
  1398 | D:2      | Reached XP level 4. HP: 17/33 MP: 1/4
  1401 | D:2      | You fall into a shaft and drop 2 floors!
  1414 | D:4      | Found a radiant altar of Vehumet.
  1551 | D:4      | You fall into a shaft and drop 2 floors!
  1553 | D:6      | Identified the +3 war axe of Xackif {vorpal, rPois rC-
                  | Str+4 Dex+3}
  1801 | D:6      | Found Bijawim's Distillery.
  1806 | D:6      | Bought a potion of degeneration for 11 gold pieces
  1848 | D:6      | Reached XP level 5. HP: 19/37 MP: 5/5
  2035 | D:6      | Reached ** piety under Hepliaklqana
  2036 | D:6      | Remembered your ancestor Oma as a hexer
  2091 | D:6      | Noticed a water moccasin
  2101 | D:6      | Killed a water moccasin
  2102 | D:6      | Reached XP level 6. HP: 11/44 MP: 6/6
  2748 | D:6      | Noticed an ogre
  2763 | D:6      | Killed an ogre
  2764 | D:6      | Reached skill level 5 in Fighting
  2764 | D:6      | Reached XP level 7. HP: 26/50 MP: 7/7
  3009 | D:6      | Noticed a water moccasin
  3027 | D:6      | Killed a water moccasin
  3611 | D:5      | Entered Level 5 of the Dungeon
  3631 | D:6      | Reached skill level 5 in Long Blades
  3631 | D:6      | Reached XP level 8. HP: 35/56 MP: 8/8
  3740 | D:6      | Noticed a polar bear
  3742 | D:6      | You fall into a shaft and drop 3 floors!
  3850 | D:9      | Reached skill level 5 in Armour
  4113 | D:9      | Found a runed translucent gate.
  4579 | D:9      | Found an opulent altar of Gozag.
  4581 | D:9      | Found a runed translucent gate.
  4581 | D:9      | Found a runed translucent gate.
  4581 | D:9      | Noticed a purple ugly thing
  4581 | D:9      | Noticed kae's ghost (novice HOFi)
  4581 | D:9      | Noticed a manticore
  4583 | D:9      | Found Fivyorchaco's Assorted Antiques.
  4583 | D:9      | Noticed a polar bear
  4971 | D:9      | Found a staircase to the Lair.
  4986 | D:9      | Noticed a yak
  4993 | D:9      | Noticed a yak
  4997 | D:9      | Noticed a yak
  5001 | D:9      | Killed a yak
  5003 | D:9      | Killed a yak
  5008 | D:9      | Killed a yak
  5009 | D:9      | Reached skill level 5 in Dodging
  5009 | D:9      | Reached XP level 9. HP: 41/63 MP: 9/9
  5141 | D:9      | HP: 1/63 [poisoned by a killer bee]
  5142 | D:9      | Identified a scroll of acquirement
  5142 | D:9      | Succumbed to a killer bee's poison

Illustrated notes

Levels and vault maps discovered:
D:1:      wander_arrival_chamber, layout_basic, basic_ecumenical_altar
D:2:      layout_loops_cross, uniq_terence, uniq_crazy_yiuf_cottage
D:3:      layout_loops_ring, hangedman_ru_absence, grunt_temple_overflow_open,
          minivault_14, uniq_grinder
D:4:      layout_basic, fiery_altar_vehumet, amcnicky_altar_gilded,
          serial_shops, kennysheep_mini_moat
D:5:      due_chaos_kobolds, layout_rooms, nemelex_spade_bored_becter,
          gup_sewer_entry_bowl, serial_bayou_lagoon_b
D:6:      layout_loops_ring, serial_shops, nicolae_shop_trees
D:9:      minmay_razor_zed, layout_layer_cave, lair_entry_dummy,
          ebering_ghost_gozag, minmay_misc_feat_doors

Skill      XL: |  1  2  3  4  5  6  7  8 |
---------------+-------------------------+-----
Dodging        | 2 3 4 5 |  5.0
Armour         | 3 4 6 |  6.0
Fighting       | 4 5 6 |  6.5
Long Blades    | 4 5 6 |  6.0

Action                   |  1- 3 |  4- 6 |  7- 9 || total
-------------------------+-------+-------+-------++-------
Melee: Falchion          |    70 |    22 |    58 ||   150
       War axe           |       |     7 |       ||     7
Invok: Renounce Religion |     1 |       |       ||     1
       Recall Ancestor   |     3 |     1 |     2 ||     6
       Ancestor Life: He |       |     1 |       ||     1
 Abil: Shaft Self        |       |     1 |     1 ||     2
Evoke: Wand              |       |     7 |     4 ||    11
  Use: Potion            |       |     4 |     1 ||     5
       Scroll            |       |       |     2 ||     2
Armor: Animal skin       |    13 |    14 |     8 ||    35
Dodge: Dodged            |    59 |    32 |    40 ||   131
       Rpst.: Falchion   |    13 |    12 |    10 ||    35

Table legend: (Time is in decaauts)
 A = Elapsed time spent in this place.
 B = Non-inter-level travel time spent in this place.
 C = Inter-level travel time spent in this place.
 D = Time resting spent in this place.
 E = Time spent auto-exploring this place.
 F = Levels seen in this place.
 G = Mean time per level.
                   A        B        C        D        E       F      G
               +--------+--------+--------+--------+--------+-----+--------+
         Total |   5156 |   5156 |      0 |   2533 |   1800 |   7 |  736.6 |
       Dungeon |   5156 |   5156 |      0 |   2533 |   1800 |   7 |  736.6 |
               +--------+--------+--------+--------+--------+-----+--------+

Top non-repeatable levels by time:
     D:6: 2186 daAuts
     D:9: 1399 daAuts
     D:1: 837 daAuts
     D:2: 302 daAuts
     D:3: 271 daAuts
     D:4: 149 daAuts
     D:5: 10 daAuts
